 Dungeon Crawl Stone Soup version 0.30.0-11-gf55b779eaf (webtiles) character file.

Game seed: 16504637757410664111

507 RascalDebosk the Magician (level 7, -4/51 HPs)
             Began as a Djinni Conjurer on May 16, 2023.
             Slain by Duvessa
             ... wielding a +0 rapier
              (5 damage)
             ... on level 4 of the Dungeon.
             The game lasted 00:19:43 (2512 turns).

RascalDebosk the Magician (Djinni Conjurer)         Turns: 2512, Time: 00:19:45

Health: -4/51      AC:  2    Str:  6    XL:     7   Next: 42%
Gold:   129        EV: 17    Int: 21    God:
                   SH:  5    Dex: 12

rFire   + + .        s - +0 dagger
rCold   x . .        (no shield)
rNeg    . . .        a - +0 robe
rPois   ∞            (no helmet)
rElec   .            (no cloak)
rCorr   .            (no gloves)
SInv    .            (boots unavailable)
Will    .....        n - amulet of reflection
Stlth   ++           o - +5 ring of evasion
HPRegen 0.28/turn    (no ring)
MPRegen 0.00/turn

%: reflection, infuse magic (-5 HP)
@: flying
A: sickness immunity, fire resistance 2, cold vulnerability 1, float, innate
caster, HP casting, extra vitality 1
a: no special abilities


You were on level 4 of the Dungeon.
You visited 1 branch of the dungeon, and saw 4 of its levels.

You collected 129 gold pieces.

Inventory:

Hand Weapons
 s - a +0 dagger (weapon)
Armour
 a - a +0 robe (worn)
 d - a +0 kite shield
Jewellery
 n - an amulet of reflection (around neck)
 o - a +5 ring of evasion (left hand)
Wands
 p - a wand of polymorph (8)
Scrolls
 c - a scroll of fear {unknown}
 e - 6 scrolls of identify {unknown}
 g - a scroll of fog {unknown}
 h - a scroll of poison {unknown}
 i - 3 scrolls of teleportation {unknown}
 j - 2 scrolls of vulnerability {unknown}
 m - a scroll of noise {unknown}
Potions
 b - a potion of magic {unknown}
 f - a potion of cancellation {unknown}
 k - a potion of curing
 l - 2 potions of mutation {unknown}


   Skills:
 * Level 3.6 Fighting
 + Level 2.1 Short Blades
 - Level 2.1 Dodging
 - Level 1.5 Stealth
 + Level 2.3 Shields
 * Level 5.0 Spellcasting


You knew the following spells:

 Your Spells              Type           Power      Damage    Failure   Level
a - Magic Dart            Conj           100%       1d8       1%          1
b - Searing Ray           Conj           52%        2d6       1%          2
c - Dazzling Flash        Conj/Hex       52%        N/A       4%          3
d - Fulminant Prism       Conj/Hex       13%        3d9       14%         4
e - Iskenderun's Mystic   Conj/Tloc      26%        2d7       14%         4
f - Sandblast             Erth           52%        2d12      1%          1
g - Call Imp              Summ           52%        N/A       1%          2
h - Scorch                Fire           52%        2d7       1%          2
Your spell library was empty.

Dungeon Overview and Level Annotations

Branches:
Dungeon (4/15)
 Temple: D:4-7

Altars:
Gozag
Nemelex Xobeh
Okawaru
Trog
Wu Jian
Zin

Shops:
D:2 (

Annotations:
D:4 Duvessa


Innate Abilities, Weirdness & Mutations

You are immune to sickness and miasma.
You are immune to poison.
Your flesh is very heat resistant. (rF++)
You are vulnerable to cold. (rC-)
You float through the air rather than walking.
You learn spells naturally, not from books.
Your magical power is your life essence.
You have superior vitality. (+4 MHP)


Message History

Your fulminant prism crackles loudly.
A phantom comes into view.
The searing ray hits the phantom!
The phantom is moderately damaged.
Your fulminant prism explodes!
The blast of energy engulfs the phantom.
The phantom is moderately damaged.
You hear an angry hiss.
The searing ray hits the phantom.
The phantom is heavily damaged.
The searing ray hits Duvessa but does no damage.
Duvessa is moderately wounded.
A ball python comes into view.
Casting: Searing Ray (safe; 2% risk of failure)
Confirm with . or Enter, or press ? or * to list all spells.
The spell is quite dangerous to miscast (16% risk of failure)!
Continue anyway?
You erupt in a blast of force!
The mystic blast hits Duvessa!
Duvessa is heavily wounded.
Duvessa is knocked back by the mystic blast.
Duvessa slams into the rock wall!
The mystic blast hits the phantom!
The phantom is almost destroyed.
The phantom is knocked back by the mystic blast.
The ball python hisses angrily.
Casting: Iskenderun's Mystic Blast (quite dangerous; 16% risk of failure)
Confirm with . or Enter, or press ? or * to list all spells.
Aiming: Searing Ray (safe; 2% risk of failure)
Press: ? - help, Shift-Dir - straight line, f/p - Duvessa
Aim: Duvessa, wielding a +0 rapier and wearing a +2 leather armour of willpower (heavily wounded, 82% to hit)
The searing ray misses the phantom.
The searing ray hits Duvessa.
Duvessa is heavily wounded. (Press . to maintain the ray.)
The phantom barely misses you.
Dowan mumbles some strange words.
Dowan blinks!
The searing ray hits the phantom.
You destroy the phantom!
The searing ray hits Duvessa but does no damage.
Duvessa is heavily wounded.
Your Short Blades skill increases to level 2!
Casting: Searing Ray (safe; 2% risk of failure)
Confirm with . or Enter, or press ? or * to list all spells.
The spell is quite dangerous to miscast (14% risk of failure)!
Continue anyway?
You erupt in a blast of force!
The mystic blast hits Dowan!
Dowan is heavily wounded.
Dowan is knocked back by the mystic blast.
Dowan slams into the rock wall!
Dowan is heavily wounded.
The mystic blast hits Duvessa but does no damage.
Duvessa is heavily wounded.
You hear an angry hiss.
Duvessa gestures with her weapon.
Duvessa hits you but does no damage.
Casting: Iskenderun's Mystic Blast (quite dangerous; 14% risk of failure)
Confirm with . or Enter, or press ? or * to list all spells.
The spell is quite dangerous to miscast (14% risk of failure)!
Continue anyway?
You erupt in a blast of force!
The mystic blast hits the ball python!
You kill the ball python!
The mystic blast hits Duvessa.
Duvessa is severely wounded.
Duvessa is knocked back by the mystic blast.
Duvessa slams into the rock wall!
Duvessa is severely wounded.
Casting: Iskenderun's Mystic Blast (quite dangerous; 14% risk of failure)
Confirm with . or Enter, or press ? or * to list all spells.
The spell is quite dangerous to miscast (14% risk of failure)!
Continue anyway?
You erupt in a blast of force!
The mystic blast hits Dowan!
Dowan is almost dead.
Dowan is knocked back by the mystic blast.
Dowan slams into the rock wall!
You kill Dowan!
Duvessa weeps, and shakes her weapon.
Duvessa goes berserk!
The mystic blast hits Duvessa but does no damage.
Duvessa is severely wounded.
* * * LOW HITPOINT WARNING * * *
You block Duvessa's attack.
Your Spellcasting skill increases to level 5!
Casting: Iskenderun's Mystic Blast (quite dangerous; 14% risk of failure)
Confirm with . or Enter, or press ? or * to list all spells.
The spell is quite dangerous to miscast (14% risk of failure)!
Continue anyway?
You erupt in a blast of force!
The mystic blast hits Duvessa.
Duvessa is severely wounded.
Duvessa is knocked back by the mystic blast.
Duvessa slams into the rock wall!
Duvessa is severely wounded.
* * * LOW HITPOINT WARNING * * *
Duvessa closely misses you.
Casting: Iskenderun's Mystic Blast (quite dangerous; 14% risk of failure)
Confirm with . or Enter, or press ? or * to list all spells.
The spell is quite dangerous to miscast (14% risk of failure)!
Continue anyway?
You erupt in a blast of force!
The mystic blast hits Duvessa.
Duvessa is almost dead.
Duvessa is knocked back by the mystic blast.
Duvessa slams into the rock wall!
* * * LOW HITPOINT WARNING * * *
Duvessa hits you with a +0 rapier!
* * * LOW HITPOINT WARNING * * *
Duvessa attacks as you move away! Duvessa completely misses you.
Duvessa hits you with a +0 rapier.
You die...

..##############.#
.........# ..#.#
..######.# #.#.#
..# #.# #.#.# .##
#.# #.#.# . #.#
#.#.# . #.# #<#.#
. #.#.###.#.# .
#.#.....#@#
#.#####.#e#
#.......#........
############)####
.. ... ##


You could see Duvessa (berserk).

Vanquished Creatures
  Sigmund (D:3)
  A phantom (D:4)
  Dowan (D:4)
  An iguana (D:3)
  Natasha (thrice) (D:3)
  Ijyb (D:4)
  Robin (D:2)
  3 adders
  A gnoll (D:1)
  4 endoplasms
  2 giant cockroaches
  15 goblins
  6 hobgoblins
  3 quokkas
  5 ball pythons
  4 bats
  4 frilled lizards
  4 kobolds
  2 rats (D:2)
62 creatures vanquished.

Vanquished Creatures (others)
  3 fulminant prisms
3 creatures vanquished.

Grand Total: 65 creatures vanquished

Notes
Turn   | Place    | Note
-------+----------+-------------------------------------------
     0 | D:1      | RascalDebosk the Djinni Conjurer began the quest for the
                  | Orb.
     0 | D:1      | RascalDebosk set off with the following spells memorised:
                  | Magic Dart, Searing Ray, Dazzling Flash, Fulminant Prism,
                  | Iskenderun's Mystic Blast.
     0 | D:1      | Reached XP level 1. HP: 15/15 MP: 0/0
   107 | D:1      | Reached XP level 2. HP: 18/21 MP: 0/0
   501 | D:1      | Reached XP level 3. HP: 22/25 MP: 0/0
   501 | D:1      | Learned a level 1 spell: Sandblast
   793 | D:2      | Reached skill level 4 in Spellcasting
   830 | D:2      | Noticed Robin
   836 | D:2      | Killed Robin
   837 | D:2      | Reached XP level 4. HP: 20/31 MP: 0/0
   839 | D:2      | Reached skill level 1 in Fighting
   972 | D:2      | Noticed a +0 demon blade
   975 | D:2      | Found Ximovvut's Weapon Shop.
   977 | D:2      | Noticed a +0 lajatang
  1243 | D:3      | Noticed Natasha
  1271 | D:3      | Killed Natasha
  1272 | D:3      | Reached XP level 5. HP: 15/38 MP: 0/0
  1272 | D:3      | Learned a level 2 spell: Call Imp
  1431 | D:3      | Noticed Sigmund
  1435 | D:3      | Reached skill level 1 in Short Blades
  1435 | D:3      | Killed Sigmund
  1436 | D:3      | Reached skill level 1 in Shields
  1436 | D:3      | Reached XP level 6. HP: 32/45 MP: 0/0
  1614 | D:3      | Found a glowing silver altar of Zin.
  1995 | D:3      | Found a sparkling altar of Nemelex Xobeh.
  2046 | D:3      | Noticed Natasha
  2059 | D:3      | Killed Natasha
  2065 | D:3      | Noticed Natasha
  2109 | D:3      | Killed Natasha
  2348 | D:3      | Found an opulent altar of Gozag.
  2354 | D:3      | Found a bloodstained altar of Trog.
  2354 | D:3      | Found an ornate altar of the Wu Jian Council.
  2357 | D:3      | Found an iron altar of Okawaru.
  2412 | D:4      | Noticed Ijyb
  2427 | D:4      | Killed Ijyb
  2428 | D:4      | Reached XP level 7. HP: 50/50 MP: 0/0
  2428 | D:4      | Learned a level 2 spell: Scorch
  2491 | D:4      | Noticed Duvessa
  2499 | D:4      | Noticed Dowan
  2509 | D:4      | Killed Dowan
  2510 | D:4      | Reached skill level 5 in Spellcasting
  2511 | D:4      | HP: 1/51 [Duvessa/+0 rapier (17)]
  2512 | D:4      | Slain by Duvessa

Illustrated notes

Levels and vault maps discovered:
D:1:      spicycebolla_arrival_clurvy, layout_basic, moated_statue
D:2:      layout_basic, serial_shops, nicolae_shop_mannequins, uniq_robin
D:3:      layout_basic, minitemple, nemelex_altar_shiori,
          small_statue_intersection, uniq_sigmund, uniq_natasha
D:4:      layout_basic, minmay_temple_entry_statues_fountains, uniq_duvessa,
          uniq_ijyb

Skill      XL: |  1  2  3  4  5  6  7 |
---------------+----------------------+-----
Spellcasting   | 4 5 |  5.0
Fighting       | 1 2 3 |  3.6
Short Blades   | 1 2 |  2.1
Shields        | 1 2 |  2.3
Dodging        | |  2.1
Stealth        | |  1.5

Action                     |  1- 3 |  4- 6 |  7- 9 || total
---------------------------+-------+-------+-------++-------
   Cast: Magic Dart        |    39 |    38 |     3 ||    80
         Searing Ray       |     1 |     9 |     2 ||    12
         Iskenderun's Myst |       |     5 |     6 ||    11
         Fulminant Prism   |       |     2 |     1 ||     3
 Armour: Robe              |       |     1 |     1 ||     2
  Dodge: Dodged            |     4 |    17 |     3 ||    24
  Block: Kite shield       |       |    10 |       ||    10
         Other             |       |       |     1 ||     1
